 Dungeon Crawl Stone Soup version 0.15-a0-53-g5e01d95 (webtiles) character file.

1436 Badjas the Shield-Bearer (level 8, -1/60 HPs)
             Began as a Human Fighter on Apr 4, 2014.
             Was a Believer of Cheibriados.
             Killed from afar by an orc wizard (9 damage)
             ... with a puff of frost
             ... on Level 5 of the Dungeon.
             The game lasted 00:28:45 (5161 turns).

Badjas the Shield-Bearer (Human Fighter)            Turns: 5161, Time: 00:28:45

HP  -1/60        AC 10     Str 27      XL: 8   Next: 81%
MP   8/8         EV  9     Int 15      God: Cheibriados [**....]
Gold 177         SH 23     Dex 18      Spells:  0 memorised,  7 levels left

rFire  . . .     SeeInvis .     a - +0 war axe
rCold  . . .     Clarity  .     b - +0 scale mail
rNeg   . . .     Conserve .     c - +0 shield
rPois  .         rCorr    .     (no helmet)
rElec  .         rRot     .     q - +0 cloak
SustAb . .       Spirit   .     (no gloves)
rMut   .         Warding  .     k - +0 pair of boots
Saprov . . .     Stasis   .     (no amulet)
MR     .....                    u - ring of sustenance
                                l - +1 ring of evasion

@: mighty, very slow, not resistant to hostile enchantments, extremely
unstealthy
A: no striking features
a: Bend Time, Renounce Religion


You were on level 5 of the Dungeon.
You worshipped Cheibriados.
Cheibriados was pleased with you.
You were hungry.

You visited 1 branch of the dungeon, and saw 5 of its levels.

You collected 177 gold pieces.

Inventory:

Hand weapons
 a - a +0,+0 war axe (weapon)
Missiles
 i - 43 darts (quivered)
 A - 4 tomahawks
Armour
 b - a +0 scale mail (worn)
 c - a +0 shield (worn)
 k - a +0 pair of boots (worn)
 q - a +0 cloak (worn)
Magical devices
 f - a wand of frost (0)
 H - a wand of flame (12)
Comestibles
 d - 3 bread rations
 m - a meat ration
 r - a choko
 C - 2 rambutans
Scrolls
 j - a scroll of enchant weapon II
 n - a scroll of amnesia {unknown}
 o - a scroll of magic mapping {unknown}
 p - 3 scrolls of remove curse
 t - a scroll of enchant armour {unknown}
 w - 6 scrolls of teleportation {unknown}
 y - a scroll of blinking {unknown}
 D - a scroll of noise {unknown}
 E - a scroll of enchant weapon I {unknown}
 K - 2 scrolls of identify
Jewellery
 h - an uncursed ring of fire
 l - a +1 ring of evasion (left hand)
 u - a ring of sustenance (right hand)
 B - a +3 ring of protection {unknown}
 F - an uncursed ring of positive energy {unknown}
Potions
 g - a potion of curing
 x - a potion of haste {unknown}
 z - a potion of paralysis {unknown}
 I - a potion of beneficial mutation {unknown}


   Skills:
 + Level 4.1 Fighting
 + Level 4.6 Axes
 + Level 1.2 Throwing
 + Level 5.5 Armour
 + Level 4.1 Dodging
 + Level 0.9 Stealth
 + Level 6.0 Shields
 + Level 0.4 Evocations


You had 7 spell levels left.
You didn't know any spells.

Dungeon Overview and Level Annotations

Branches:
Dungeon (5/15)
 Temple: D:4-7

Altars:
Cheibriados

Shops:
D:4 :


Message History

* * * LOW HITPOINT WARNING * * *
Drink which item? (? for menu, Esc to quit)
You feel better. You block the orc wizard's attack.
You block the orc wizard's attack. The orc priest closely misses you.
You are feeling hungry.
You hit the orc priest.
The orc priest is almost dead.
You block the orc wizard's attack.
The orc priest hits you but does no damage.
You slice the orc priest!!
You kill the orc priest!
Cheibriados appreciates the change of pace.
Your Shields skill increases to level 6!
You block the orc wizard's attack. x2
The orc wizard casts a spell at you. The puff of flame hits you!
* * * LOW HITPOINT WARNING * * *
The orc wizard points at you and mumbles some strange words.
The puff of frost hits you!
You die...

.....#
##..)................#
.....#
####..########......#
###### ##.## #####.##
#..# .# #####.## ##
#......# ###......# .
#........### ...
#.#......@o## ....
#......#..## .....
#......##..##....>..
#......###.[).......
######## ####.......
#####


You could see an orc wizard.

Vanquished Creatures
  Eustachio (D:5)
  2 ogres
  A sky beast (D:5)
  3 phantoms
  A yak zombie (D:5)
  2 crimson imps (D:5)
  A jelly (D:5)
  An orc wizard (D:3)
  A gnoll shaman (D:5)
  3 orc priests
  An iron imp (D:5)
  2 worker ants (D:5)
  Ijyb (D:2)
  Jessica (D:3)
  Terence (D:2)
  4 gnolls (D:5)
  5 adders
  A green rat (D:5)
  A worm (D:4)
  7 giant geckos
  An ooze (D:1)
  15 orcs
  12 bats
  10 hobgoblins
  3 jackals (D:3)
  6 quokkas
  A ball python (D:4)
  8 giant cockroaches
  4 giant newts
  10 goblins
  A goblin skeleton (D:3)
  A hobgoblin zombie (D:5)
  10 kobolds
  3 rats
  A rat skeleton (D:3)
126 creatures vanquished.

Notes
Turn   | Place    | Note
--------------------------------------------------------------
     0 | D:1      | Badjas, the Human Fighter, began the quest for the Orb.
     0 | D:1      | Reached XP level 1. HP: 18/18 MP: 1/1
   248 | D:1      | Reached XP level 2. HP: 20/24 MP: 2/2
   934 | D:2      | Reached XP level 3. HP: 22/29 MP: 3/3
  1132 | D:2      | Noticed Ijyb
  1143 | D:2      | Killed Ijyb
  1143 | D:2      | Reached skill level 1 in Dodging
  1143 | D:2      | Reached XP level 4. HP: 33/35 MP: 4/4
  1377 | D:2      | Noticed Terence
  1390 | D:2      | Killed Terence
  1862 | D:3      | Noticed Jessica
  1886 | D:3      | Killed Jessica
  1886 | D:3      | Reached XP level 5. HP: 12/41 MP: 5/5
  2418 | D:3      | Found a snail-covered altar of Cheibriados.
  2488 | D:3      | Became a worshipper of Cheibriados the Contemplative
  2797 | D:4      | Noticed a phantom
  3142 | D:4      | Noticed a phantom
  3259 | D:4      | Reached XP level 6. HP: 43/47 MP: 6/6
  3427 | D:4      | Reached skill level 4 in Armour
  3519 | D:4      | Killed a phantom
  3596 | D:4      | Noticed an ogre
  3606 | D:4      | Killed an ogre
  3606 | D:4      | Reached skill level 1 in Throwing
  3606 | D:4      | Reached XP level 7. HP: 45/52 MP: 7/7
  3711 | D:4      | Killed a phantom
  3958 | D:4      | Found Guitihur's Book Emporium.
  3988 | D:5      | Entered Level 5 of the Dungeon
  4037 | D:5      | Reached skill level 5 in Armour
  4209 | D:5      | Reached XP level 8. HP: 43/60 MP: 8/8
  4360 | D:5      | Reached skill level 5 in Shields
  4725 | D:5      | Noticed Eustachio
  4804 | D:5      | Killed Eustachio
  5160 | D:5      | Reached skill level 6 in Shields
  5161 | D:5      | Killed from afar by an orc wizard

Action                   |  1- 3 |  4- 6 |  7- 9 || total
-------------------------+-------+-------+-------++-------
Melee: War axe           |   107 |   251 |   202 ||   560
Throw: Dart              |     3 |    11 |       ||    14
Evoke: Wand              |       |       |     2 ||     2
  Use: Potion            |     1 |     4 |     7 ||    12
       Scroll            |       |     6 |       ||     6
